 Dungeon Crawl Stone Soup version 0.28-a0-662-g1651b1f1e0 (webtiles) character file.

Game seed: 7303071668618819321

3159 avis the Martial Artist (level 9, -6/62 HPs)
             Began as an Octopode Transmuter on Oct 14, 2021.
             Was an Initiate of Gozag.
             Mangled by a wyvern (18 damage)
             ... on level 8 of the Dungeon.
             The game lasted 00:57:24 (8972 turns).

avis the Martial Artist (Octopode Transmuter)       Turns: 8972, Time: 00:57:26

Health: -6/62      AC:  1    Str: 12    XL:     9   Next: 94%
Magic:  9/12       EV: 13    Int: 16    God:    Gozag
Gold:   515        SH:  0    Dex: 19    Spells: 4/12 levels left

rFire   . . .      SeeInvis +   a - +11 flail of the Shining Light {freeze, rPois Will- Dex+7 SInv}
rCold   + . .      Faith    .   (no shield)
rNeg    . . .      Spirit   .   (helmet currently unavailable)
rPois   +          Reflect  .   g - amulet of regeneration
rElec   .          Harm     .   y - ring of protection from cold
rCorr   .          Rampage  .   R - ring of wizardry
Will    .....                   (no ring)
Stlth   +++.......              (no ring)
HPRegen 1.20/turn               (no ring)
MPRegen 0.13/turn               (no ring)
                                (no ring)
                                (no ring)

@: appendages
A: tentacle spike 3, almost no armour, amphibious, 8 rings, camouflage 1,
gelatinous body 1, (nimble swimmer 1), tentacles
a: End Transformation, Renounce Religion, Potion Petition, Call Merchant, Bribe
Branch


You were on level 8 of the Dungeon.
You worshipped Gozag.
Gozag was pleased with you.
One of your tentacles had grown a beastly spike.
You visited 2 branches of the dungeon, and saw 9 of its levels.

You collected 679 gold pieces.
You spent 49 gold pieces at shops.
You paid 115 gold pieces to Gozag.

Inventory:

Hand Weapons
 a - the +11 flail of the Shining Light (weapon) {freeze, rPois Will- Dex+7 SInv}
   (You found it on level 5 of the Dungeon)

   It freezes those it strikes, dealing additional cold damage.
   It can also slow down cold-blooded creatures.
   Dex:       It affects your dexterity (+7).
   rPois:     It protects you from poison.
   SInv:      It lets you see invisible.
   Will:      It decreases your willpower.
 f - a +1 short sword of venom
 k - a +2 dagger of draining
 l - a +0 arbalest
 A - a +4 battleaxe
Missiles
 b - 48 arrows
 m - 18 bolts
 o - 10 poisoned darts
 p - 7 boomerangs
 r - 6 datura-tipped darts
 s - 79 stones
 C - 22 sling bullets
Armour
 x - a +0 buckler
Jewellery
 g - an amulet of regeneration (around mantle)
 y - a ring of protection from cold (left tentacle)
 R - a ring of wizardry (right tentacle)
Wands
 v - a wand of paralysis (8)
 K - a wand of polymorph (9)
 L - a wand of mindburst (7)
 M - a wand of iceblast (15)
Scrolls
 c - 2 scrolls of acquirement {unknown}
 d - 3 scrolls of magic mapping {unknown}
 h - 2 scrolls of blinking {unknown}
 i - 4 scrolls of holy word {unknown}
 j - 2 scrolls of teleportation {unknown}
 n - 2 scrolls of vulnerability {unknown}
 u - a scroll of amnesia {unknown}
 F - 4 scrolls of enchant weapon {unknown}
 G - 2 scrolls of enchant armour {unknown}
 H - a scroll of silence {unknown}
 J - a scroll of brand weapon {unknown}
 O - 3 scrolls of noise {unknown}
Potions
 e - 3 potions of curing
 q - a potion of magic {unknown}
 t - 2 potions of ambrosia
 w - 3 potions of haste
 z - 2 potions of cancellation {unknown}
 B - a potion of attraction {unknown}
 E - 2 potions of brilliance
 N - 2 potions of flight


   Skills:
 - Level 6.0 Fighting
 - Level 2.0 Dodging
 - Level 1.0 Stealth
 - Level 1.0 Shields
 - Level 10.0 Unarmed Combat
 - Level 2.0 Spellcasting
 * Level 6.5 Transmutations
 - Level 4.0 Ice Magic


You had 4 spell levels left.
You knew the following spells:

 Your Spells              Type           Power      Damage    Failure   Level
a - Beastly Appendage     Tmut           44%        N/A       1%          1
p - Spider Form           Tmut/Pois      6%         N/A       6%          3
q - Ice Form              Ice/Tmut       18%        N/A       10%         4

Your spell library contained the following spells:

 Spells                   Type           Power      Damage    Failure   Level
 Wereblood                Tmut           22%        N/A       1%          2
 Animate Skeleton         Necr           2%         N/A       9%          1
 Apportation              Tloc           2%         N/A       9%          1
 Summon Small Mammal      Summ           4%         N/A       9%          1
 Slow                     Hex            1%         N/A       12%         2
 Confusing Touch          Hex            1%         N/A       24%         3
 Gell's Gravitas          Tloc           0%         N/A       24%         3
 Lesser Beckoning         Tloc           1%         N/A       24%         3
 Teleport Other           Tloc           1%         N/A       24%         3
 Yara's Violent Unravell  Hex/Tmut       6%         3d5       50%         5


Dungeon Overview and Level Annotations

Branches:
Dungeon (8/15)             Temple (1/1) D:7
   Lair: D:8-11

Altars:
Ashenzari
Cheibriados
Dithmenos
Elyvilon
Fedhas
Gozag
Hepliaklqana
Kikubaaqudgha
Makhleb
Nemelex Xobeh
Okawaru
Qazlal
Ru
Sif Muna
Trog
Uskayaw
Vehumet
Wu Jian
Xom
Yredelemnul
Zin
The Shining One

Shops:
D:1 [

Annotations:
D:4 exclusion: oklob plant
D:7 2 transporters, dolemite99's ghost, novice DsFi
D:8 Joseph


Innate Abilities, Weirdness & Mutations

One of your tentacles has grown a beastly spike.
You cannot wear most types of armour.
You are amphibious.
You can wear up to eight rings at the same time.
Your skin changes colour to match your surroundings (Stealth+).
Your rubbery body absorbs attacks. (AC +1, EV +1)
((You are camouflaged near water. (Stealth+)))
You have tentacles for arms and can constrict up to eight enemies at once.


Message History

You turn into a venomous arachnid creature.
The +11 flail of the Shining Light {freeze, rPois Will- Dex+7 SInv} melds into your body.
The +11 flail of the Shining Light {freeze, rPois Will- Dex+7 SInv} stops glowing.
Your transformation is almost over.
Joseph shouts!
Joseph unwields a +0 quarterstaff.
Joseph wields a +0 hunting sling of flaming.
It bursts into flame!
Joseph shoots a sling bullet.
The sling bullet hits you! The sling bullet burns you!
A wyvern comes into view.
Joseph unwields a +0 hunting sling of flaming.
It stops flaming.
Joseph wields a +0 quarterstaff.
Joseph closely misses you.
You hit Joseph but do no damage. Joseph hits you with a +0 quarterstaff!
You hit Joseph.
Joseph is lightly wounded.
Joseph closely misses you.
You hit Joseph.
Joseph is lightly wounded.
Joseph closely misses you.
You hit Joseph but do no damage.
Joseph is lightly wounded.
You hit Joseph but do no damage.
Joseph is poisoned.
Joseph is lightly wounded.
Your transformation has ended.
The +11 flail of the Shining Light {freeze, rPois Will- Dex+7 SInv} unmelds from your body.
The +11 flail of the Shining Light {freeze, rPois Will- Dex+7 SInv} glows with a cold blue light!
Joseph hits you with a +0 quarterstaff! The wyvern barely misses you.
Casting: Spider Form (dangerous; 6% risk of failure)
Confirm with . or Enter, or press ? or * to list all spells.
One of your tentacles grows a vicious spike.
The wyvern bites you!
* * * LOW HITPOINT WARNING * * *
Joseph completely misses you.
You hit Joseph. You freeze Joseph. You grab Joseph.
You tentacle-slap Joseph, but do no damage.
Joseph is lightly wounded.
You constrict Joseph, but do no damage. The wyvern barely misses you.
Joseph barely misses you. The wyvern bites you!!
You die...
Your body crumbles into a pile of gold.

# #.......# #
#.......# #
#.......# #
#.......# #
#####.......#
#
............#
#
.....(..(...#
#
............#
#
........@...#
#
.......@l...#
#
.............#
#
............#
#
............#
#
............#
# ...........#
# ...........#
#


You could see Joseph (poisoned) and a wyvern.

Vanquished Creatures
  Maggie (D:6)
  Edmund (D:6)
  2 water moccasins
  A sky beast (D:7)
  An ice beast (D:6)
  An orc warrior (D:7)
  A necrophage (D:6)
  A black bear (D:6)
  2 centaurs (D:8)
  A phantom (D:5)
  4 ogres
  A kobold brigand (D:7)
  A bullfrog (D:7)
  3 scorpions
  A water moccasin zombie (D:5)
  A wyvern skeleton (D:7)
  4 wights
  A crimson imp (D:6)
  2 gnoll shamans
  2 bullfrog zombies
  3 hounds
  A jelly (D:4)
  A bullfrog skeleton (D:6)
  2 orc priests (D:8)
  2 centaur skeletons
  3 iguanas
  2 orc wizards
  A howler monkey zombie (D:5)
  Robin (D:2)
  10 gnolls
  2 howler monkey skeletons (D:7)
  7 adders
  2 shadow imps
  2 white imps
  4 adder skeletons (D:4)
  2 worms (D:3)
  3 dart slugs
  23 orcs
  4 ball pythons
  6 endoplasms
  2 giant cockroaches
  21 goblins
  7 hobgoblins
  2 jackals
  15 kobolds
  9 quokkas
  4 bats
  A frilled lizard (D:2)
  2 goblin skeletons (D:6)
  2 hobgoblin zombies (D:6)
  2 kobold skeletons (D:6)
  A kobold zombie (D:6)
  2 orc zombies (D:6)
  10 rats
193 creatures vanquished.

Notes
Turn   | Place    | Note
-------+----------+-------------------------------------------
     0 | D:1      | avis the Octopode Transmuter began the quest for the Orb.
     0 | D:1      | Reached XP level 1. HP: 13/13 MP: 3/3
    19 | D:1      | Found Rikhluq's Armour Shoppe.
   142 | D:1      | Reached skill level 1 in Stealth
   475 | D:1      | Found a faded altar of an unknown god.
   633 | D:1      | Reached XP level 2. HP: 17/18 MP: 3/5
  1208 | D:2      | Reached skill level 4 in Unarmed Combat
  1208 | D:2      | Reached XP level 3. HP: 17/23 MP: 4/6
  1442 | D:2      | Noticed Robin
  1451 | D:2      | Killed Robin
  1474 | D:2      | Reached XP level 4. HP: 12/28 MP: 5/7
  1933 | D:2      | Learned a level 3 spell: Spider Form
  2410 | D:3      | Reached skill level 5 in Unarmed Combat
  2632 | D:3      | Found a bloodstained altar of Trog.
  2837 | D:3      | Reached XP level 5. HP: 34/34 MP: 6/8
  2946 | D:3      | Found a sparkling altar of Nemelex Xobeh.
  3533 | D:3      | Noticed an ogre
  3579 | D:3      | Killed an ogre
  3580 | D:3      | Reached XP level 6. HP: 42/42 MP: 5/9
  4088 | D:4      | Reached skill level 6 in Unarmed Combat
  4150 | D:4      | Reached XP level 7. HP: 48/48 MP: 3/10
  4696 | D:4      | Found a blossoming altar of Fedhas.
  4711 | D:4      | Noticed an oklob plant
  4923 | D:5      | Entered Level 5 of the Dungeon
  4935 | D:5      | Identified the +11 flail of the Shining Light {freeze,
                  | rPois Will- Dex+7 SInv}
  4990 | D:5      | Reached skill level 7 in Unarmed Combat
  5189 | D:5      | Reached skill level 5 in Fighting
  5189 | D:5      | Reached XP level 8. HP: 55/55 MP: 8/11
  5697 | D:6      | Found a glowing golden altar of the Shining One.
  5764 | D:6      | Reached skill level 5 in Transmutations
  6093 | D:6      | Reached skill level 8 in Unarmed Combat
  6098 | D:6      | Learned a level 4 spell: Ice Form
  6207 | D:6      | Reached skill level 1 in Ice Magic
  6394 | D:6      | Noticed Maggie
  6416 | D:6      | Killed Maggie
  6417 | D:6      | Reached skill level 9 in Unarmed Combat
  6417 | D:6      | Reached XP level 9. HP: 42/61 MP: 10/12
  6645 | D:6      | Identified the +10 dagger "Ipoesic" {flame, *Noise rN+
                  | Stlth+}
  6647 | D:6      | Noticed Edmund
  6655 | D:6      | Killed Edmund
  6867 | D:7      | Found a staircase to the Ecumenical Temple.
  6889 | Temple   | Entered the Ecumenical Temple
  6986 | Temple   | Became a worshipper of Gozag Ym Sagoz the Greedy
  7256 | D:7      | Found a transporter.
  7260 | D:7      | Found a transporter.
  7262 | D:7      | Noticed dolemite99's ghost (novice DsFi)
  7273 | D:7      | Noticed a hornet
  7696 | D:1      | Bought a +0 buckler for 49 gold pieces
  8220 | D:8      | Found a burning altar of Makhleb.
  8224 | D:8      | Reached skill level 10 in Unarmed Combat
  8275 | D:8      | Found a broken altar of Ashenzari.
  8322 | D:8      | Reached skill level 1 in Shields
  8955 | D:8      | Noticed Joseph
  8972 | D:8      | Mangled by a wyvern

Illustrated notes

Levels and vault maps discovered:
D:1:      dpeg_arrival_tiny_k, layout_basic,
          ebering_ecumenical_altar_sacrificial, serial_shops,
          nicolae_shop_crystal, minmay_quantized
D:2:      layout_basic, uniq_robin
D:3:      layout_loops_ring, lemuel_crystal_altar, nemelex_spade_bored_becter,
          minmay_pentangle
D:4:      minmay_chambers_of_twos, layout_rooms, tgw_fedhas, lemuel_old_faithful
D:5:      layout_loops_ring
D:6:      layout_loops_corners, nicolae_tso_besieged_by_evil,
          gup_sewer_entry_bowl, uniq_edmund, uniq_maggie
D:7:      layout_rooms, temple_fountains, gammafunk_ghost_hive, grunt_tough_drop
D:8:      layout_gridville, nicolae_ashenzari_panopticon,
          makhleb_blood_cavern_becter, uniq_joseph
Temple:   nicolae_temple_elliptical

Skill      XL: |  1  2  3  4  5  6  7  8  9 |
---------------+----------------------------+-----
Stealth        | 1 |  1.0
Unarmed Combat | 4 5 6 7 9 10 | 10.0
Fighting       | 2 3 4 5 6 |  6.0
Transmutations | 3 4 5 6 |  6.5
Ice Magic      | 2 4 |  4.0
Shields        | 1 |  1.0
Dodging        | |  2.0
Spellcasting   | |  2.0

Action                   |  1- 3 |  4- 6 |  7- 9 || total
-------------------------+-------+-------+-------++-------
Melee: Unarmed           |    59 |    74 |   163 ||   296
       Kick              |    13 |     8 |    22 ||    43
       Constrict         |    14 |    14 |    22 ||    50
       Tentacles         |     6 |     5 |    18 ||    29
       Punch             |     1 |     2 |     3 ||     6
       Dagger            |     2 |    57 |       ||    59
       Flail             |       |       |    88 ||    88
 Cast: Beastly Appendage |    18 |    17 |    22 ||    57
       Spider Form       |       |    20 |    30 ||    50
       Ice Form          |       |       |     1 ||     1
  Use: Scroll            |       |       |     7 ||     7
       Potion            |       |       |     2 ||     2
 Stab: Sleeping          |     3 |    12 |     6 ||    21
       Distracted        |       |       |     1 ||     1
Armor: Skin              |     5 |     9 |    15 ||    29
Dodge: Dodged            |    24 |    64 |   195 ||   283

Table legend: (Time is in decaauts)
 A = Elapsed time spent in this place.
 B = Non-inter-level travel time spent in this place.
 C = Inter-level travel time spent in this place.
 D = Time resting spent in this place.
 E = Time spent auto-exploring this place.
 F = Levels seen in this place.
 G = Mean time per level.
                   A        B        C        D        E       F      G
               +--------+--------+--------+--------+--------+-----+--------+
         Total |   8989 |   8239 |    750 |   1959 |   3927 |   9 |  998.8 |
       Dungeon |   8810 |   8060 |    750 |   1959 |   3805 |   8 | 1101.2 |
        Temple |    179 |    179 |      0 |      0 |    122 |   1 |  179.0 |
               +--------+--------+--------+--------+--------+-----+--------+

Top non-repeatable levels by time:
     D:3: 1419 daAuts
     D:1: 1404 daAuts
     D:2: 1308 daAuts
     D:6: 1189 daAuts
     D:4: 992 daAuts
     D:8: 920 daAuts
     D:7: 837 daAuts
     D:5: 736 daAuts
  Temple: 179 daAuts
